 Dungeon Crawl Stone Soup version 0.28.0-43-g3370ac3207 (webtiles) character file.

Game seed: 275220960514059566

390 xzight the Chopper (level 6, -3/37 HPs)
             Began as a Gargoyle Fighter on Mar 13, 2022.
             Slain by a gnoll
             ... wielding a +0 spear
              (6 damage)
             ... on level 4 of the Dungeon.
             The game lasted 00:07:06 (4135 turns).

xzight the Chopper (Gargoyle Fighter)               Turns: 4135, Time: 00:07:07

Health: -3/37      AC: 13    Str: 22    XL:     6   Next: 80%
Magic:  6/6        EV:  9    Int:  8    God:
Gold:   124        SH:  4    Dex:  9    Spells: 5/5 levels left

rFire   . . .      SeeInvis .   a - +0 war axe
rCold   . . .      Faith    .   c - +0 buckler
rNeg    + . .      Spirit   .   b - +0 scale mail
rPois   ∞          Reflect  .   l - +1 helmet
rElec   +          Harm     .   (no cloak)
rCorr   .          Rampage  .   (no gloves)
Will    .....                   (no boots)
Stlth   ..........              (no amulet)
HPRegen 0.12/turn               (no ring)
MPRegen 0.10/turn               (no ring)

@: attractive, hasted, very quick
A: sickness immunity, AC +4, negative energy resistance 1, electricity
resistance, torment resistance 1, petrification resistance
a: no special abilities


You were on level 4 of the Dungeon.
You visited 1 branch of the dungeon, and saw 4 of its levels.

You collected 124 gold pieces.


Innate Abilities, Weirdness & Mutations

You are immune to sickness and miasma.
Your stone body is resilient. (AC +4)
You are immune to poison.
You resist negative energy. (rN+)
You are resistant to electric shocks. (rElec)
You are resistant to unholy torment.
You are immune to petrification.


   Skills:
 - Level 3.3 Fighting
 * Level 6.3 Axes
 - Level 3.3 Armour
 - Level 3.3 Shields


You had 5 spell levels left.
You didn't know any spells.
Your spell library contained the following spells:

 Spells                   Type           Power      Damage    Failure   Level
 Corpse Rot               Necr/Air       0%         N/A       92%         2
 Poisonous Vapours        Pois/Air       0%         N/A       92%         2

Inventory:

Hand Weapons
 a - a +0 war axe (weapon)
Armour
 b - a +0 scale mail (worn)
 c - a +0 buckler (worn)
 l - a +1 helmet (worn)
Scrolls
 e - a scroll of vulnerability {unknown}
 f - a scroll of teleportation {unknown}
 g - 2 scrolls of identify {unknown}
 h - a scroll of fog {unknown}
 m - a scroll of magic mapping {unknown}
 n - a scroll of enchant weapon {unknown}
Potions
 d - a potion of might

Dungeon Overview and Level Annotations

Branches:
Dungeon (4/15)
 Temple: D:4-7

Altars:
Nemelex Xobeh
Vehumet

Shops:
D:3

[ #.####..#
#..####..#....###..
#......##
#...##..###..## ..
.....#.## #.....g.#
#.## . ##...##.##
#.....g## #.#
###..##..## #....##g#
#.#
##..#...####.#####)##
#.. ##...##...##
#####g# ###
##.####.## ##gggg.#
### ### #@###### ###


You could see 3 gnolls.


Message History

You are outlined in light.
The gnoll barely misses you.
You slash the gnoll shaman!
You kill the gnoll shaman!
The gnoll barely misses you. The gnoll hits you but does no damage.
It was a potion of brilliance.
You feel clever all of a sudden. The gnoll hits you with a +0 spear.
* * * LOW HITPOINT WARNING * * *
The gnoll misses you.
It was a potion of cancellation.
Your magical effects are unravelling.
You feel magically purged.
You feel a little less mighty now.
You feel a little less clever now.
You are no longer glowing.
You block the gnoll's attack.
The gnoll hits you from afar with a +0 spear.
* * * LOW HITPOINT WARNING * * *
It was a potion of attraction.
You feel attractive to monsters.
The gnoll hits you from afar with a +0 spear.
* * * LOW HITPOINT WARNING * * *
The gnoll is attracted toward you. The gnoll closely misses you.
The gnoll hits you but does no damage. The gnoll is attracted toward you. x2
The gnoll hits you but does no damage. The gnoll is attracted toward you. x3
The gnoll closely misses you. You block the gnoll's attack.
The gnoll is attracted toward you. x3
It was a potion of haste.
You feel yourself speed up. The gnoll hits you with a +0 spear.
You die...

Skill      XL: |  1  2  3  4  5  6 |
---------------+-------------------+-----
Axes           | 2 3 4 5 6 |  6.3
Fighting       | |  3.3
Armour         | |  3.3
Shields        | |  3.3

Action                   |  1- 3 |  4- 6 || total
-------------------------+-------+-------++-------
Melee: War axe           |   126 |   129 ||   255
  Use: Potion            |       |     5 ||     5
Armor: Scale mail        |    74 |    63 ||   137
Dodge: Dodged            |    59 |    63 ||   122
Block: Buckler           |    29 |    23 ||    52

Levels and vault maps discovered:
D:1:      saegor_arrival_simple_a, layout_basic,
          hellmonk_ecumenical_altar_blasted,
          nicolae_concentric_dashed_squares_mild, moated_statue,
          patterned_corridor
D:2:      layout_basic, minmay_ruptured
D:3:      layout_basic, general_overflow_altar, mainiacjoe_overflow_catwalk,
          serial_shops, nicolae_shop_waterfront, lightli_sewer_entry_pipes
D:4:      layout_layer_cave, nicolae_elevator_lobby_asterisk

Notes
Turn   | Place    | Note
-------+----------+-------------------------------------------
     0 | D:1      | xzight the Gargoyle Fighter began the quest for the Orb.
     0 | D:1      | Reached XP level 1. HP: 14/14 MP: 1/1
    72 | D:1      | Reached skill level 2 in Axes
    77 | D:1      | You fall into a shaft and drop 1 floor!
    91 | D:2      | Reached XP level 2. HP: 7/19 MP: 2/2
   675 | D:2      | Reached XP level 3. HP: 23/23 MP: 3/3
   850 | D:1      | Reached skill level 3 in Axes
   894 | D:1      | Found a faded altar of an unknown god.
  2013 | D:3      | Found a sparkling altar of Nemelex Xobeh.
  2317 | D:3      | Reached XP level 4. HP: 28/28 MP: 4/4
  2320 | D:3      | Noticed a bullfrog
  2328 | D:3      | Killed a bullfrog
  2329 | D:3      | Reached skill level 4 in Axes
  2329 | D:3      | Reached XP level 5. HP: 21/32 MP: 5/5
  2828 | D:3      | Found a radiant altar of Vehumet.
  2880 | D:3      | Reached skill level 5 in Axes
  3256 | D:3      | Reached XP level 6. HP: 33/37 MP: 6/6
  3298 | D:3      | Found Zaxeat's Antique Armour Shoppe.
  3722 | D:4      | Reached skill level 6 in Axes
  4131 | D:4      | HP: 2/37 [gnoll/+0 spear (4)]
  4135 | D:4      | Slain by a gnoll

Vanquished Creatures
  A phantom (D:4)
  A bullfrog (D:3)
  A gnoll shaman (D:4)
  A hound (D:3)
  An iguana (D:4)
  2 gnolls (D:4)
  7 adders (D:3)
  An adder skeleton (D:4)
  7 worms
  A dart slug (D:2)
  An orc (D:4)
  7 endoplasms
  4 giant cockroaches
  A goblin (D:1)
  5 hobgoblins
  3 quokkas
  9 bats
  3 frilled lizards
  4 kobolds
  8 rats
68 creatures vanquished.

Table legend: (Time is in decaauts)
 A = Elapsed time spent in this place.
 B = Non-inter-level travel time spent in this place.
 C = Inter-level travel time spent in this place.
 D = Time resting spent in this place.
 E = Time spent auto-exploring this place.
 F = Levels seen in this place.
 G = Mean time per level.
                   A        B        C        D        E       F      G
               +--------+--------+--------+--------+--------+-----+--------+
         Total |   4266 |   4174 |     92 |   1361 |   2087 |   4 | 1066.5 |
       Dungeon |   4266 |   4174 |     92 |   1361 |   2087 |   4 | 1066.5 |
               +--------+--------+--------+--------+--------+-----+--------+

Top non-repeatable levels by time:
     D:2: 1536 daAuts
     D:3: 1340 daAuts
     D:1: 751 daAuts
     D:4: 638 daAuts

Table legend:
 A = Non-vault XP
 B = Vault XP
 C = Vault XP percentage of total XP
 D = Non-vault monster count
 E = Vault monster count
 F = Vault count percentage of total count
                 A         B        C        D         E       F
            +---------+---------+-------+---------+---------+-------
      Total |     473 |      85 |  15.2 |      57 |      11 |  16.2
            +---------+---------+-------+---------+---------+-------
        D:1 |      24 |       0 |   0.0 |      15 |       0 |   0.0
        D:2 |      50 |       1 |   2.0 |      22 |       1 |   4.3
        D:3 |     170 |      84 |  33.1 |      12 |      10 |  45.5
        D:4 |     229 |       0 |   0.0 |       8 |       0 |   0.0
            +---------+---------+-------+---------+---------+-------
